 Dungeon Crawl Stone Soup version 0.21.1-1-g345015f (webtiles) character file.

2772 doot the Chopper (level 9, 0/72 HPs)
             Began as a Demonspawn Abyssal Knight on June 7, 2018.
             Was a High Priest of Lugonu.
             Killed by divine providence
             ... invoked by an orc priest
              (15 damage)
             ... on level 8 of the Dungeon.
             The game lasted 00:21:25 (8065 turns).

doot the Chopper (Demonspawn Abyssal Knight)        Turns: 8065, Time: 00:21:26

Health: 0/72       AC: 10    Str: 14    XL:     9   Next: 42%
Magic:  13/13      EV: 15    Int: 14    God:    Lugonu [*****.]
Gold:   449        SH:  9    Dex: 19    Spells: 5/8 levels left

rFire    + . .     SeeInvis .   C - +5 war axe
rCold    . . .     Gourm    .   m - +0 shield
rNeg     . . .     Faith    .   i - +0 ring mail
rPois    .         Spirit   .   q - +0 hat
rElec    .         Reflect  .   (no cloak)
rCorr    .         Harm     .   A - +0 pair of gloves
MR       .....                  h - +0 pair of boots
Stlth    ++........             (no amulet)
HPRegen  0.22/turn              (no ring)
MPRegen  0.13/turn              (no ring)

@: agile
A: horns 2, rugged brown scales 2, demonic guardian 1, fire resistance 1,
powered by pain 1
a: Depart the Abyss, Bend Space, Banish, Corrupt, Enter the Abyss, Renounce
Religion


You were on level 8 of the Dungeon.
You worshipped Lugonu.
Lugonu was extremely pleased with you.
You were not hungry.

You visited 2 branches of the dungeon, and saw 9 of its levels.
You visited the Abyss 1 time.

You collected 449 gold pieces.

Inventory:

Hand Weapons
 a - a +1 hand axe
 o - a +0 war axe
 C - a +5 war axe (weapon)
 F - a +0 hunting sling of freezing
Missiles
 g - 123 arrows
Armour
 b - a +0 leather armour
 h - a +0 pair of boots (worn)
 i - a +0 ring mail (worn)
 m - a +0 shield (worn)
 q - a +0 hat (worn)
 r - a +0 helmet
 A - a +0 pair of gloves (worn)
Jewellery
 l - an uncursed ring of fire
 y - an uncursed amulet of the gourmand {unknown}
Wands
 x - a wand of flame (23)
 E - a wand of random effects (31)
Scrolls
 e - a scroll of magic mapping {unknown}
 f - 9 scrolls of identify {unknown}
 j - 2 scrolls of noise {unknown}
 k - 2 scrolls of amnesia {unknown}
 n - 4 scrolls of remove curse {unknown}
 t - 2 scrolls of enchant armour {unknown}
 u - a scroll of immolation {unknown}
 v - 3 scrolls of blinking {unknown}
 w - a scroll of enchant weapon {unknown}
 G - a scroll of fog {unknown}
 H - a scroll of summoning {unknown}
Potions
 d - 3 potions of might
 p - 2 potions of heal wounds
 z - 2 potions of mutation {unknown}
 D - a potion of curing
Books
 s - a book of Callings

   Spells                             Type                      Level
   a - Summon Small Mammal            Summoning                    1
   b - Call Imp                       Summoning                    2
   c - Call Canine Familiar           Summoning                    3
   d - Summon Guardian Golem          Hexes/Summoning              3
   e - Summon Lightning Spire         Summoning/Air                4
   f - Summon Ice Beast               Ice/Summoning                4
Comestibles
 c - 10 rations
 I - 2 chunks of flesh


   Skills:
 + Level 5.7 Fighting
 + Level 7.2 Axes
 + Level 3.0 Throwing
 + Level 4.6 Armour
 + Level 3.3 Dodging
 + Level 1.4 Stealth
 + Level 3.4 Shields
 + Level 5.6 Invocations
 + Level 0.3 Evocations


You had 5 spell levels left.
You knew the following spells:

 Your Spells              Type           Power        Failure   Level  Hunger
a - Call Canine Familiar  Summ           #.......     100%        3    ####...


Dungeon Overview and Level Annotations

Branches:
Dungeon (8/15)             Temple (1/1) D:6
   Lair: D:8-11

Altars:
Ashenzari
Cheibriados
Dithmenos
Elyvilon
Fedhas
Gozag
Hepliaklqana
Kikubaaqudgha
Makhleb
Nemelex Xobeh
Okawaru
Qazlal
Ru
Sif Muna
Trog
Uskayaw
Vehumet
Wu Jian
Xom
Yredelemnul
Zin
The Shining One

Shops:
D:5 %

Annotations:
D:5 Eustachio; Jaiteiro's ghost, amateur MiFi
Abyss:1 Grinder


Innate Abilities, Weirdness & Mutations

You have a pair of horns on your head.
You are mostly covered in rugged brown scales. (AC +2, +5% HP)
A weak demonic guardian rushes to your aid.
Your flesh is heat resistant. (rF+)
You sometimes gain a little power by taking damage.


Message History

You barely miss the orc warrior.
The orc warrior is almost dead.
You block the orc warrior's attack.
Firing (i - inventory): No suitable missiles.
Press: ? - help, Shift-Dir - straight line, f/p - orc warrior
Aim: an orc warrior, wielding a flail and wearing a plate armour (almost dead)
Okay, then.
You hit the orc warrior.
The orc warrior is almost dead.
The orc warrior hits you with a flail!!
Your shield prevents you from hitting the orc warrior.
The orc warrior is almost dead.
The orc warrior hits you with a flail!
* * * LOW HITPOINT WARNING * * *
You hit the orc warrior but do no damage.
The orc warrior is almost dead.
You block the orc warrior's attack.
The orc priest invokes the aid of Beogh against you.
Beogh smites you!
You die...

#.....o.....#..............
##.....#.o...#######......#.
.......+.#)...............#
##.....###(#.########.......
#.....# #..... .....#.
###.### #.#.####### ..##.#
#.# #.#.o..o..# ... ... #.#
#.#####o#.# #... .. #†# #.#
#@#.# .... #÷# #.# #.#.#
....# #.# #.# #.#.# #.# #.#
#.#.# #.# #.# #.#.#
#.#####.#####.#.#
#.............#.#
#######.#######.#
#.........#


You could see an orc warrior and an orc priest.

Vanquished Creatures
  A hippogriff (D:7)
  Sigmund (D:5)
  A water moccasin (D:8)
  2 ogres
  2 centaurs (D:6)
  A gnoll sergeant (D:6)
  3 bullfrogs
  A scorpion (D:5)
  The ghost of Rhok the Skirmisher, a weakling MiAs of Hepliaklqana (D:3)
  4 killer bees (D:7)
  5 wights (D:7)
  3 howler monkeys (D:8)
  2 bullfrog zombies
  A centaur zombie (D:5)
  3 orc priests
  5 orc wizards
  Jessica (D:3)
  An iguana (D:4)
  4 worker ants
  A hound zombie (D:7)
  A howler monkey zombie (D:5)
  Robin (D:4)
  3 gnolls (D:6)
  10 adders
  2 shadow imps
  3 oozes
  4 worms
  2 dart slugs
  3 leopard geckos
  28 orcs
  10 bats
  3 giant cockroaches
  16 goblins
  6 hobgoblins
  4 jackals (D:1)
  2 quokkas
  5 ball pythons
  2 frilled lizards
  5 kobolds
  2 leopard gecko skeletons (D:5)
  9 rats
164 creatures vanquished.

Vanquished Creatures (collateral kills)
  A hippogriff (D:7)
  An ice beast (D:8)
  An ogre (D:6)
  A bullfrog (D:5)
  A scorpion (D:5)
  A hound (D:5)
  A hound zombie (D:5)
  An orc (D:6)
8 creatures vanquished.

Vanquished Creatures (others)
  An ogre (D:3)
  A killer bee (D:6)
2 creatures vanquished.

Grand Total: 174 creatures vanquished

Notes
Turn   | Place    | Note
-------+----------+-------------------------------------------
     0 | Abyss:1  | doot the Demonspawn Abyssal Knight began the quest for the Orb.
     0 | Abyss:1  | Reached XP level 1. HP: 18/18 MP: 2/2
     7 | D:1      | Escaped the Abyss
   145 | D:1      | Gained mutation: You are partially covered in rugged brown scales. (AC +1, +3% HP) [demonic ancestry]
   145 | D:1      | Reached XP level 2. HP: 6/24 MP: 4/4
   455 | D:1      | Reached skill level 2 in Axes
   485 | D:1      | Reached skill level 1 in Dodging
   517 | D:1      | Reached ** piety under Lugonu
   606 | D:1      | Gained mutation: You have a pair of small horns on your head. [demonic ancestry]
   606 | D:1      | Reached XP level 3. HP: 8/29 MP: 5/5
  2115 | D:2      | Reached XP level 4. HP: 24/38 MP: 6/6
  2358 | D:3      | Noticed Jessica
  2368 | D:3      | Killed Jessica
  2368 | D:3      | Reached skill level 3 in Axes
  2531 | D:3      | Noticed an ogre
  2536 | D:3      | Gained mutation: You sometimes gain a little power by taking damage. [demonic ancestry]
  2536 | D:3      | Reached XP level 5. HP: 32/43 MP: 7/7
  2739 | D:3      | Reached *** piety under Lugonu
  2989 | D:3      | Banished an ogre
  3180 | D:3      | Noticed Rhok's ghost (weakling MiAs)
  3219 | D:3      | Killed Rhok's ghost
  3219 | D:3      | Gained mutation: A weak demonic guardian rushes to your aid. [demonic ancestry]
  3219 | D:3      | Reached XP level 6. HP: 32/49 MP: 8/8
  3333 | D:3      | Reached skill level 1 in Shields
  3773 | D:4      | Reached skill level 4 in Axes
  3791 | D:4      | Found an ornate altar of the Wu Jian Council.
  3801 | D:4      | Found a glowing silver altar of Zin.
  3810 | D:4      | Found a radiant altar of Vehumet.
  3817 | D:4      | Found a shimmering altar of Xom.
  3856 | D:4      | Noticed Robin
  3873 | D:4      | Killed Robin
  4065 | D:5      | Entered Level 5 of the Dungeon
  4118 | D:5      | Found an iron altar of Okawaru.
  4166 | D:5      | Gained mutation: You are mostly covered in rugged brown scales. (AC +2, +5% HP) [demonic ancestry]
  4166 | D:5      | Reached XP level 7. HP: 14/57 MP: 9/9
  4230 | D:5      | Noticed a two-headed ogre
  4248 | D:4      | Reached **** piety under Lugonu
  4327 | D:5      | Noticed Sigmund
  4350 | D:5      | Reached skill level 5 in Axes
  4370 | D:5      | Killed Sigmund
  4477 | D:5      | Noticed Eustachio
  4933 | D:6      | Gained mutation: You have a pair of horns on your head. [demonic ancestry]
  4933 | D:6      | Reached XP level 8. HP: 45/64 MP: 11/11
  5029 | D:6      | Found a staircase to the Ecumenical Temple.
  5042 | D:6      | Reached skill level 5 in Invocations
  5071 | D:6      | Learned a level 3 spell: Call Canine Familiar
  5087 | Temple   | Entered the Ecumenical Temple
  5383 | D:6      | Reached skill level 1 in Throwing
  6064 | D:7      | Noticed a hippogriff
  6074 | D:7      | Killed a hippogriff
  6074 | D:7      | Reached skill level 5 in Fighting
  6074 | D:7      | Reached skill level 6 in Axes
  6112 | D:6      | HP: 3/65 [killer bee (8)]
  6519 | D:5      | Noticed Grinder
  6520 | D:5      | Found Xuevvodd's Food Boutique.
  6573 | D:5      | Paralysed by Grinder for 2 turns
  6580 | D:5      | Banished Grinder
  6783 | D:5      | Noticed Jaiteiro's ghost (amateur MiFi)
  6854 | D:7      | Reached skill level 1 in Stealth
  6981 | D:7      | Gained mutation: Your flesh is heat resistant. (rF+) [demonic ancestry]
  6981 | D:7      | Reached XP level 9. HP: 56/71 MP: 13/13
  7328 | D:7      | Reached skill level 7 in Axes
  8048 | D:8      | Reached ***** piety under Lugonu
  8065 | D:8      | Killed from afar by an orc priest

Skill      XL: |  1  2  3  4  5  6  7  8  9 |
---------------+----------------------------+-----
Axes           | 2 3 4 5 6 7 |  7.2
Armour         | 2 3 4 |  4.6
Dodging        | 1 2 3 |  3.3
Fighting       | 4 5 |  5.7
Invocations    | 3 4 5 |  5.6
Shields        | 1 2 3 |  3.4
Throwing       | 1 3 |  3.0
Stealth        | 1 |  1.4
Evocations     | |  0.3

Action                   |  1- 3 |  4- 6 |  7- 9 || total
-------------------------+-------+-------+-------++-------
Melee: Hand axe          |   144 |       |       ||   144
       Headbutt          |     6 |    20 |    36 ||    62
       War axe           |       |   165 |   264 ||   429
Throw: Javelin           |       |     3 |    55 ||    58
Invok: Banish            |       |     1 |     3 ||     4
Evoke: Wand              |       |       |     4 ||     4
  Use: Potion            |     1 |       |     8 ||     9
 Stab: Paralysed         |       |       |     2 ||     2
  Eat: Chunk             |     4 |     7 |    10 ||    21
       Ration            |       |       |     1 ||     1
Armor: Leather armour    |    55 |       |       ||    55
       Ring mail         |    22 |    72 |   111 ||   205
       Skin              |       |       |     4 ||     4
Dodge: Dodged            |   101 |    54 |   106 ||   261
Block: Shield            |    11 |    77 |   126 ||   214
